 Dungeon Crawl Stone Soup version 0.31.0-11-ge490571c62 (webtiles) character file.

Game seed: 4214836168430643536

494 Descartes the Grave Robber (level 6, -2/32 HPs)
             Began as a Deep Elf Wanderer on Feb 9, 2024.
             Was an Initiate of Gozag.
             Slain by a black bear (4 damage)
             ... on level 5 of the Dungeon.
             The game lasted 00:12:27 (5308 turns).

Descartes the Grave Robber (Deep Elf Wanderer)      Turns: 5308, Time: 00:12:28

Health: -2/32      AC:  3    Str:  8    XL:     6   Next: 92%
Magic:  10/15      EV: 12    Int: 26    God:    Gozag
Gold:   320        SH:  0    Dex: 14    Spells: 9/15 levels left

rFire   . . .        r - staff of alchemy
rCold   . . .        (no shield)
rNeg    . . .        d - +0 robe
rPois   +            (no helmet)
rElec   .            j - scarf {shadows}
rCorr   .            (no gloves)
SInv    .            b - +0 pair of boots
Will    .....        (no amulet)
Stlth   +            m - +6 ring of intelligence
HPRegen 0.25/turn    (no ring)
MPRegen 0.14/turn

%: no passive effects
@: no status effects
A: no striking features
a: Renounce Religion, Potion Petition, Call Merchant, Bribe Branch


You were on level 5 of the Dungeon.
You worshipped Gozag.
Gozag was aware of your devotion.
You visited 2 branches of the dungeon, and saw 6 of its levels.

You collected 391 gold pieces.
You paid 71 gold pieces to Gozag.

Inventory:

Hand Weapons
 a - a +0 quarterstaff
 w - a +4 hand axe of electrocution
Armour
 b - a +0 pair of boots (worn)
 d - a +0 robe (worn)
 j - a scarf of shadows (worn)
 o - a +0 kite shield
Magical Staves
 r - a staff of alchemy (weapon)
Jewellery
 m - a +6 ring of intelligence (left hand)
Scrolls
 c - a scroll of fog
 e - 6 scrolls of identify {unknown}
 f - 2 scrolls of poison {unknown}
 i - a scroll of noise {unknown}
 k - 2 scrolls of vulnerability {unknown}
 l - 2 scrolls of immolation {unknown}
 s - a scroll of blinking {unknown}
 t - a scroll of brand weapon {unknown}
 u - a scroll of amnesia {unknown}
Potions
 g - 3 potions of attraction {unknown}
 h - a potion of heal wounds {unknown}
 n - a potion of enlightenment {unknown}
 p - 2 potions of magic {unknown}
 q - a potion of degeneration {unknown}
 v - 2 potions of curing {unknown}


   Skills:
 - Level 1.0 Staves
 - Level 1.0 Armour
 - Level 2.4 Dodging
 + Level 1.4 Shields
 - Level 5.0 Spellcasting
 + Level 1.4 Conjurations
 + Level 6.8 Necromancy
 + Level 3.5 Translocations
 + Level 0.3 Air Magic
 + Level 1.4 Alchemy
 - Level 1.0 Invocations


You had 9 spell levels left.
You knew the following spells:

 Your Spells              Type           Power      Damage    Failure   Level
a - Necrotise             Necr           100%       1d9       1%          1
b - Apportation           Tloc           48%        N/A       1%          1
c - Sting                 Conj/Alch      80%        1d8       4%          1
d - Mephitic Cloud        Conj/Alch/Air  18%        N/A       14%         3

Your spell library contained the following spells:

 Spells                   Type           Power      Damage    Failure   Level
 Kiss of Death            Conj/Necr      100%       2d13      1%          1
 Summon Small Mammal      Summ           24%        N/A       8%          1
 Mercury Vapours          Alch/Air       32%        N/A       9%          2
 Martyr's Knell           Necr/Summ      24%        N/A       19%         4
 Call Canine Familiar     Summ           6%         N/A       22%         3
 Inner Flame              Hex/Fire       6%         N/A       22%         3
 Summon Blazeheart Golem  Fire/Summ      6%         N/A       58%         4
 Irradiate                Conj/Alch      10%        3d15      75%         5
 Freezing Cloud           Conj/Ice/Air   4%         6-21      86%         5
 Malign Gateway           Summ/Tloc      7%         N/A       100%        7
 Ignition                 Fire           3%         3d4       100%        8
 Summon Horrible Things   Summ           3%         N/A       100%        8


Dungeon Overview and Level Annotations

Branches:
Dungeon (5/15)             Temple (1/1) D:4

Altars:
Dithmenos
Elyvilon
Fedhas
Gozag
Makhleb
Nemelex Xobeh
Ru
Trog
Uskayaw
Wu Jian
Xom
Yredelemnul
Zin


Message History

The black bear claws you but does no damage.
The black bear misses you.
The black bear attacks as it pursues you!
The black bear bites you. The black bear claws you.
The black bear barely misses you.
Casting: Necrotise (safe; 1% risk of failure)
Confirm with . or Enter, or press ? or * to list all spells.
Aiming: Necrotise (safe; 1% risk of failure)
Press: ? - help, Shift-Dir - straight line, f/p - black bear
Aim: a black bear (heavily wounded, poisoned, chance to affect: 83%)
The black bear writhes in agony!
The black bear looks more healthy.
The black bear goes berserk!
Casting: Necrotise (safe; 1% risk of failure)
Confirm with . or Enter, or press ? or * to list all spells.
Aiming: Sting (safe; 4% risk of failure)
Press: ? - help, Shift-Dir - straight line, f/p - black bear
Aim: a black bear (almost dead, berserk, 82% to hit)
You feel a surge of power!
The sting hits the black bear.
The black bear is poisoned.
The black bear is almost dead.
The black bear bites you! The black bear claws you.
The black bear claws you but does no damage.
The black bear attacks as it pursues you!
The black bear closely misses you. The black bear claws you.
* * * LOW HITPOINT WARNING * * *
The black bear claws you.
* * * LOW HITPOINT WARNING * * *
The black bear misses you.
The black bear claws you but does no damage.
The black bear claws you.
* * * LOW HITPOINT WARNING * * *
Casting: Sting (safe; 4% risk of failure)
Confirm with . or Enter, or press ? or * to list all spells.
Aiming: Necrotise (safe; 1% risk of failure)
Press: ? - help, Shift-Dir - straight line, f/p - black bear
Aim: a black bear (almost dead, berserk, poisoned, chance to affect: 83%)
The black bear writhes in agony.
The black bear barely misses you. The black bear claws you.
You die...
Your body crumbles into a pile of gold.

...⌠.⌠...# #.#
...._....# #.#
!..⌠.⌠...# #.#
.........###.#
..........##'##########
..........#...........#
......................#
........##h..........#
.......##.@.........#
.......##...........#
.......###.##########
######## #....##
#.##..## #.###..## #.#
##..# #.# ##.### #.#
#...#


You could see a black bear (berserk, poisoned).

Vanquished Creatures
  An ogre (D:4)
  A hound (D:4)
  Jessica (D:2)
  Natasha (twice) (D:2)
  3 iguanas
  Terence (D:2)
  6 gnolls
  5 adders
  4 dart slugs
  3 ribbon worms
  6 orcs (D:4)
  4 endoplasms
  2 giant cockroaches (D:2)
  6 goblins
  8 hobgoblins
  4 quokkas
  7 ball pythons
  11 bats
  2 frilled lizards (D:3)
  5 kobolds
  12 rats
94 creatures vanquished.

Vanquished Creatures (collateral kills)
  An endoplasm (D:1)
1 creature vanquished.

Grand Total: 95 creatures vanquished

Notes
Turn   | Place    | Note
-------+----------+-------------------------------------------
     0 | D:1      | Descartes the Deep Elf Wanderer began the quest for the
                  | Orb.
     0 | D:1      | Descartes set off with the following items: a +0
                  | quarterstaff, a +0 pair of boots, a scroll of fog, a +0
                  | robe; and the following spells available to memorise:
                  | Necrotise, Kiss of Death, Martyr's Knell.
     0 | D:1      | Reached XP level 1. HP: 10/10 MP: 5/5
     2 | D:1      | Learned a level 1 spell: Necrotise
   306 | D:1      | Reached skill level 5 in Necromancy
   408 | D:1      | Reached XP level 2. HP: 15/15 MP: 5/7
  1279 | D:2      | Reached XP level 3. HP: 19/19 MP: 1/9
  1353 | D:2      | Learned a level 1 spell: Apportation
  1745 | D:2      | Noticed Jessica
  1750 | D:2      | Killed Jessica
  1751 | D:2      | Reached skill level 1 in Translocations
  1751 | D:2      | Reached XP level 4. HP: 24/24 MP: 5/11
  1821 | D:2      | Noticed Terence
  1824 | D:2      | Killed Terence
  1876 | D:2      | Found a shimmering altar of Xom.
  2010 | D:2      | Reached skill level 6 in Necromancy
  2164 | D:2      | Noticed Natasha
  2172 | D:2      | Killed Natasha
  2173 | D:2      | Reached XP level 5. HP: 28/28 MP: 7/13
  2318 | D:2      | Noticed Natasha
  2325 | D:2      | Killed Natasha
  2888 | D:3      | Found an ornate altar of the Wu Jian Council.
  3085 | D:3      | Found a faded altar of an unknown god.
  3336 | D:3      | Found a faded altar of an unknown god.
  3338 | D:3      | Found a shadowy altar of Dithmenos.
  3650 | D:4      | Reached XP level 6. HP: 32/32 MP: 9/15
  3809 | D:4      | Found a staircase to the Ecumenical Temple.
  3819 | Temple   | Entered the Ecumenical Temple
  3830 | Temple   | Became a worshipper of Gozag Ym Sagoz the Greedy
  4052 | D:4      | Learned a level 1 spell: Sting
  4056 | D:4      | Learned a level 3 spell: Mephitic Cloud
  4065 | D:4      | Found a white marble altar of Elyvilon.
  4086 | D:4      | Reached skill level 5 in Spellcasting
  4558 | D:4      | Reached skill level 1 in Shields
  4697 | D:4      | Reached skill level 1 in Conjurations
  4697 | D:4      | Reached skill level 1 in Alchemy
  4851 | D:5      | Entered Level 5 of the Dungeon
  5283 | D:5      | Found a sparkling altar of Nemelex Xobeh.
  5308 | D:5      | Slain by a black bear

Illustrated notes

Levels and vault maps discovered:
D:1:      psy_arrival_statuary, layout_loops_corners, minmay_close_crescents
D:2:      minmay_inner_zag, layout_basic, basic_altar, uniq_natasha,
          uniq_terence, uniq_jessica
D:3:      layout_loops_ring, nicolae_overflow_ecumenical_swirl,
          mainiacjoe_overflow_cross_hatched,
          hellmonk_ecumenical_altar_leap_of_faith
D:4:      layout_gridville, nicolae_elyvilon_temple_path,
          minmay_temple_entry_butterflies
D:5:      layout_basic, nemelex_xobeh_ov_fountains_minmay,
          gammafunk_temple_overflow_elements
Temple:   hellmonk_temple_forest_ring

Skill      XL: |  1  2  3  4  5  6 |
---------------+-------------------+-----
Spellcasting   | 2 3 4 5 |  5.0
Necromancy     | 5 6 |  6.8
Translocations | 1 2 3 |  3.5
Shields        | 1 |  1.4
Conjurations   | 1 |  1.4
Alchemy        | 1 |  1.4
Staves         | |  1.0
Armour         | |  1.0
Dodging        | |  2.4
Air Magic      | |  0.3
Invocations    | |  1.0

Action                     |  1- 3 |  4- 6 || total
---------------------------+-------+-------++-------
  Melee: Quarterstaff      |     4 |       ||     4
   Cast: Necrotise         |    59 |   143 ||   202
         Sting             |       |     6 ||     6
 Armour: Robe              |    14 |    33 ||    47
  Dodge: Dodged            |    12 |    31 ||    43
